 Dungeon Crawl Stone Soup version 0.29-a0-577-gafbf2c5d25 (webtiles) character file.

Game seed: 9072163000855889068

26 greasedhog the Skirmisher (level 2, -4/24 HPs)
             Began as a Demonspawn Fighter on June 13, 2022.
             Slain by Sigmund
             ... wielding a +0 scythe
              (10 damage)
             ... on level 2 of the Dungeon.
             The game lasted 00:01:11 (1186 turns).

greasedhog the Skirmisher (Demonspawn Fighter)      Turns: 1186, Time: 00:01:11

Health: -4/24      AC:  7    Str: 16    XL:     2   Next: 89%
Magic:  2/2        EV:  8    Int:  9    God:
Gold:   31         SH:  4    Dex: 12    Spells: 1/1 levels left

rFire   . . .      SeeInvis .   a - +0 war axe
rCold   . . .      Faith    .   c - +0 buckler
rNeg    . . .      Spirit   .   b - +0 scale mail
rPois   .          Reflect  .   (helmet restricted)
rElec   .          Harm     .   (no cloak)
rCorr   .          Rampage  .   (no gloves)
Will    .....                   i - +0 pair of boots
Stlth   ..........              (no amulet)
HPRegen 0.08/turn               (no ring)
MPRegen 0.08/turn               (no ring)

@: mighty
A: antennae 1
a: no special abilities


You were on level 2 of the Dungeon.
You visited 1 branch of the dungeon, and saw 2 of its levels.

You collected 31 gold pieces.

Inventory:

Hand Weapons
 a - a +0 war axe (weapon)
Armour
 b - a +0 scale mail (worn)
 c - a +0 buckler (worn)
 i - a +0 pair of boots (worn)
Scrolls
 e - a scroll of teleportation {unknown}
 f - a scroll of enchant weapon {unknown}
Potions
 g - a potion of flight {unknown}
 h - 2 potions of invisibility {unknown}


   Skills:
 * Level 3.3 Fighting
 * Level 2.2 Axes
 - Level 2.6 Armour
 * Level 3.1 Shields


You had one spell level left.
You didn't know any spells.
Your spell library contained the following spells:

 Spells                   Type           Power      Damage    Failure   Level
 Inner Flame              Hex/Fire       0%         N/A       99%         3
 Cause Fear               Hex            0%         N/A       100%        4
 Discord                  Hex            0%         N/A       100%        8


Dungeon Overview and Level Annotations

Branches:
Dungeon (2/15)

Altars:

Annotations:
D:2 Sigmund


Innate Abilities, Weirdness & Mutations

You have a pair of small antennae on your head.


Message History

The kobold hits you with a +2 whip of venom.
You are poisoned.
Unknown command.
Found 13 gold pieces and a robe.
You feel sick. You block the bat's attack.
The kobold throws a poisoned dart.
The poisoned dart barely misses you.
Sigmund points at you and mumbles some strange words.
You are confused.
You feel sick. The bat hits you but does no damage.
The kobold attacks as you move away!
The kobold hits you with a +2 whip of venom.
You feel sick. The bat barely misses you.
You closely miss the bat. You barely miss the kobold.
You feel sick. The bat hits you but does no damage. x2
The kobold hits you with a +2 whip of venom.
Sigmund hits you but does no damage. The kobold attacks as you move away!
The kobold closely misses you.
You feel sick. The bat hits you but does no damage.
There are monsters nearby!
You slash the kobold!
You kill the kobold!
You hit the kobold.
You kill the kobold!
You feel sick. The bat hits you but does no damage. The bat closely misses you.
The hobgoblin barely misses you.
You feel very mighty all of a sudden.
You feel less confused.
You feel sick.
You are no longer poisoned.
Sigmund is suddenly surrounded by pale green light.
Sigmund closely misses you. The bat completely misses you.
The hobgoblin barely misses you.
You hit the hobgoblin.
The hobgoblin is moderately wounded.
You miss the bat. The bat hits you but does no damage. The hobgoblin hits you.
* * * LOW HITPOINT WARNING * * *
Sigmund barely misses you.
You hit the hobgoblin.
You kill the hobgoblin!
The bat hits you but does no damage.
Sigmund hits you from afar with a +0 scythe!
You die...

.....##......#
........$...#
............#
#........#
#.##........#
#.......b...#
..##.##@.....#
.. #))....# .
#@###### #.#
... .....
.......
........#
#........#
##########


You could see Sigmund and a bat.

Vanquished Creatures
  2 dart slugs (D:1)
  2 hobgoblins
  A quokka (D:1)
  3 bats (D:1)
  6 goblins (D:1)
  6 kobolds
  5 rats (D:1)
25 creatures vanquished.

Notes
Turn   | Place    | Note
-------+----------+-------------------------------------------
     0 | D:1      | greasedhog the Demonspawn Fighter began the quest for the
                  | Orb.
     0 | D:1      | Reached XP level 1. HP: 18/18 MP: 1/1
   329 | D:1      | Gained mutation: You have a pair of small antennae on your
                  | head. [demonic ancestry]
   329 | D:1      | Reached XP level 2. HP: 24/24 MP: 2/2
  1176 | D:2      | Noticed Sigmund
  1186 | D:2      | Slain by Sigmund

Illustrated notes

Levels and vault maps discovered:
D:1:      dpeg_arrival_lava_temple_mockup, layout_loops_corners, serial_glass,
          glass_columns_a, glass_columns_b, glass_columns_a, glass_columns_a,
          glass_columns_a, glass_columns_b, glass_columns_b, glass_columns_a,
          glass_columns_a, glass_columns_b, glass_columns_a, glass_columns_b,
          glass_columns_b, glass_columns_a
D:2:      minmay_angry_zag, layout_basic, minmay_cupped, uniq_sigmund

Skill      XL: |  1  2 |
---------------+-------+-----
Axes           | 2 |  2.2
Shields        | 3 |  3.1
Fighting       | |  3.3
Armour         | |  2.6

Action                   || total
-------------------------++-------
Melee: War axe           ||    64
  Use: Potion            ||     1
Armor: Scale mail        ||    35
Dodge: Dodged            ||    37
Block: Buckler           ||    18

Table legend: (Time is in decaauts)
 A = Elapsed time spent in this place.
 B = Non-inter-level travel time spent in this place.
 C = Inter-level travel time spent in this place.
 D = Time resting spent in this place.
 E = Time spent auto-exploring this place.
 F = Levels seen in this place.
 G = Mean time per level.
                   A        B        C        D        E       F      G
               +--------+--------+--------+--------+--------+-----+--------+
         Total |   1213 |   1196 |     17 |      0 |   1010 |   2 |  606.5 |
       Dungeon |   1213 |   1196 |     17 |      0 |   1010 |   2 |  606.5 |
               +--------+--------+--------+--------+--------+-----+--------+

Top non-repeatable levels by time:
     D:1: 1198 daAuts
     D:2: 15 daAuts
